 Dungeon Crawl Stone Soup version 0.20.1-1-g8b1a95d (webtiles) character file.

1946 vineage the Chopper (level 8, 0/65 HPs)
             Began as a Demonspawn Gladiator on Aug 22, 2017.
             Slain by Duvessa
             ... wielding a cursed -2 short sword
              (4 damage)
             ... on level 6 of the Dungeon.
             The game lasted 00:13:22 (5392 turns).

vineage the Chopper (Demonspawn Gladiator)          Turns: 5392, Time: 00:13:22

Health: 0/65       AC:  7    Str: 23    XL:     8   Next: 98%
Magic:  10/10      EV: 16    Int: 10    God:
Gold:   356        SH:  0    Dex: 15    Spells: 11/11 levels left

rFire    + . .     SeeInvis .   i - +0 scythe (slice)
rCold    . . .     Gourm    .   (shield currently unavailable)
rNeg     . . .     Faith    .   b - +0 leather armour
rPois    .         Spirit   .   (helmet restricted)
rElec    .         Reflect  .   C - +0 cloak
rCorr    .         Harm     .   (no gloves)
MR       .....                  (no boots)
Stlth    ++........             (no amulet)
Regen    0.2/turn               h - +2 ring of strength
MPRegen  0.2/turn               (no ring)

@: mighty, hasted, glowing, very quick
A: antennae 1, thin metallic scales 2, fire resistance 1, low mp 1, powered by
pain 1, evolution 1
a: no special abilities


You were on level 6 of the Dungeon.
You were not hungry.

You visited 2 branches of the dungeon, and saw 7 of its levels.
You also visited: Ossuary.

You collected 356 gold pieces.

Inventory:

Hand Weapons
 a - a +0 war axe
 i - a +0 scythe of slicing (weapon)
Missiles
 d - 3 throwing nets (quivered)
Armour
 b - a +0 leather armour (worn)
 c - a +0 helmet
 r - a +0 shield
 s - a +0 helmet
 C - a +0 cloak (worn)
Jewellery
 h - a +2 ring of strength (left hand)
 F - an uncursed amulet of guardian spirit {unknown}
Wands
 n - a wand of lightning (7/15)
 E - a wand of random effects (24/48)
 G - a wand of polymorph (21/24)
 J - a wand of random effects (18/48)
Scrolls
 e - a scroll of enchant weapon {unknown}
 g - 2 scrolls of teleportation {unknown}
 j - 4 scrolls of identify
 p - 2 scrolls of enchant armour {unknown}
 t - 3 scrolls of remove curse {unknown}
 u - a scroll of magic mapping {unknown}
 v - 2 scrolls of silence {unknown}
 w - a scroll of amnesia {unknown}
 x - a scroll of random uselessness {unknown}
 B - 2 scrolls of fog {unknown}
 I - a scroll of torment {unknown}
Potions
 m - 6 potions of curing
 z - 3 potions of might
 A - a potion of mutation
Books
 o - a book of Misfortune

   Spells                             Type                      Level
   a - Confusing Touch                Hexes                        1
   b - Confuse                        Hexes                        3
   c - Gell's Gravitas                Translocation                3
   d - Petrify                        Transmutation/Earth          4
   e - Metabolic Englaciation         Hexes/Ice                    5
   f - Yara's Violent Unravelling     Hexes/Transmutation          5
 y - Sif Muna's Collected Works on Vitriolic Necromancy
   (You found it on level 4 of the Dungeon)

   Spells                             Type                      Level
   a - Poisonous Vapours              Poison/Air                   2
   b - Control Undead                 Necromancy                   4
   c - Dispel Undead                  Necromancy                   5
   d - Death Channel                  Necromancy                   6
 D - a book of Necromancy

   Spells                             Type                      Level
   a - Pain                           Necromancy                   1
   b - Animate Skeleton               Necromancy                   1
   c - Vampiric Draining              Necromancy                   3
   d - Regeneration                   Charms/Necromancy            3
   e - Animate Dead                   Necromancy                   4
   f - Control Undead                 Necromancy                   4
Comestibles
 f - 7 bread rations
 k - 2 royal jellies
 l - 4 meat rations


   Skills:
 + Level 6.5 Fighting
 - Level 6.8(7.4) Axes
 * Level 4.4(6.3) Polearms
 + Level 3.3 Throwing
 + Level 5.4 Armour
 + Level 6.5 Dodging
 + Level 6.0 Stealth
 + Level 2.4 Unarmed Combat
 + Level 2.4 Spellcasting
 + Level 2.7 Evocations


You had 11 spell levels left.
You didn't know any spells.

Dungeon Overview and Level Annotations

Branches:
Dungeon (6/15)             Temple (1/1) D:5

Altars:
Ashenzari
Dithmenos
Elyvilon
Fedhas
Gozag
Hepliaklqana
Kikubaaqudgha
Makhleb
Nemelex Xobeh
Ru
Sif Muna
Vehumet
Xom
Yredelemnul
Zin
The Shining One

Shops:
D:4 *

Annotations:
D:6 Duvessa


Innate Abilities, Weirdness & Mutations

You have a pair of small antennae on your head.
You are mostly covered in thin metallic scales. (AC +3)
Your flesh is heat resistant. (rF+)
You sometimes gain a little power by taking damage.
Your magical capacity is low. (-10% MP)
You evolve.


Message History

The giant cockroach barely misses you. The worker ant misses you.
You feel yourself speed up. Duvessa hits you but does no damage.
The giant cockroach misses you. The worker ant completely misses you.
Duvessa hits you with a short sword!
* * * LOW HITPOINT WARNING * * *
The worker ant bites you.
* * * LOW HITPOINT WARNING * * *
Things that are here:
a dagger; a robe; the elf corpse of Dowan You are too injured to fight recklessly!
It was a potion of mutation.
You feel extremely strange.
You feel less energetic.
You feel nature experimenting on you.
Don't worry, failures die fast.
The giant cockroach bites you but does no damage.
Duvessa misses you.
The worker ant bites you but does no damage.
The worker ant bites you.
* * * LOW HITPOINT WARNING * * *
Duvessa hits you with a short sword.
You die...

#.#######.# ### ## .#
#........# #.### .# #.#
..#.####.# ##..### .#..#
###...##.## #....###...#
####..(...## #.....)....#
.# #....#..###
#.......#...# ##
##....#...####s.....(....#
#
#......#...##ea..........#
#
##..........@....###......#
#..............## ##%....
###............# #..##
###......##..# ..#
###...####... ##### ....
.#### .#


You could see Duvessa (berserk), a worker ant and a giant cockroach.

Vanquished Creatures
  Grinder (D:6)
  Sigmund (D:2)
  Eustachio (D:5)
  The ghost of Fingolfin the Conjurer, an amateur OpWz (Ossuary)
  An ogre (D:4)
  A bullfrog (D:6)
  An elf zombie (Ossuary)
  2 scorpions
  Dowan (D:6)
  4 centaur zombies (Ossuary)
  A crimson imp (D:5)
  A human zombie (Ossuary)
  A hound (D:4)
  Jessica (D:2)
  2 iguanas (D:5)
  2 orc wizards (D:4)
  4 worker ants
  A big kobold zombie (Ossuary)
  A hound zombie (D:5)
  2 mummies (Ossuary)
  3 gnolls (D:6)
  7 adders
  2 adder zombies (Ossuary)
  6 worms
  3 dart slugs (D:1)
  A leopard gecko (D:3)
  7 orcs
  A ball python (D:1)
  9 bats
  5 giant cockroaches
  9 goblins
  10 hobgoblins
  3 quokkas
  8 frilled lizards
  A giant cockroach zombie (D:5)
  11 hobgoblin zombies (Ossuary)
  A jackal zombie (Ossuary)
  3 kobolds
  6 kobold zombies (Ossuary)
  8 orc zombies (Ossuary)
  A quokka skeleton (D:6)
  10 rats
  A rat zombie (Ossuary)
146 creatures vanquished.

Notes
Turn   | Place    | Note
-------+----------+-------------------------------------------
     0 | D:1      | vineage the Demonspawn Gladiator began the quest for the Orb.
     0 | D:1      | Reached XP level 1. HP: 16/16 MP: 1/1
    56 | D:1      | Gained mutation: Your flesh is heat resistant. (rF+) [demonic ancestry]
    56 | D:1      | Reached XP level 2. HP: 18/22 MP: 2/2
   651 | D:1      | Gained mutation: You are partially covered in thin metallic scales. (AC +2) [demonic ancestry]
   651 | D:1      | Reached XP level 3. HP: 23/27 MP: 3/3
   966 | D:2      | Found a deep blue altar of Sif Muna.
  1032 | D:2      | Noticed Jessica
  1044 | D:2      | Killed Jessica
  1044 | D:2      | Reached skill level 1 in Armour
  1044 | D:2      | Reached XP level 4. HP: 29/33 MP: 4/4
  1391 | D:2      | Noticed Sigmund
  1510 | D:2      | Reached skill level 5 in Fighting
  1510 | D:2      | Reached skill level 5 in Dodging
  1510 | D:2      | Gained mutation: You are mostly covered in thin metallic scales. (AC +3) [demonic ancestry]
  1510 | D:2      | Reached XP level 5. HP: 44/44 MP: 5/5
  1511 | D:2      | Reached skill level 5 in Armour
  1511 | D:2      | Reached skill level 5 in Stealth
  1511 | D:2      | Gained mutation: You sometimes gain a little power by taking damage. [demonic ancestry]
  1511 | D:2      | Reached XP level 6. HP: 52/52 MP: 5/9
  1539 | D:2      | Killed Sigmund
  1787 | D:3      | Found a hazy altar of Hepliaklqana.
  2065 | D:3      | Found a shattered altar of Ashenzari.
  2368 | D:3      | Reached XP level 7. HP: 59/59 MP: 10/10
  2870 | D:4      | Reached skill level 1 in Polearms
  2996 | D:4      | Found an opulent altar of Gozag.
  2996 | D:4      | Found Gozag's Platinum Reserve.
  3091 | D:4      | Identified Sif Muna's Collected Works on Vitriolic Necromancy
  3170 | D:4      | Found a sand-covered staircase.
  3176 | Ossuary  | Entered an ossuary
  3176 | Ossuary  | Noticed Fingolfin's ghost (amateur OpWz)
  3195 | Ossuary  | Killed Fingolfin's ghost
  3421 | Ossuary  | Gained mutation: You have a pair of small antennae on your head. [demonic ancestry]
  3421 | Ossuary  | Reached XP level 8. HP: 62/65 MP: 11/11
  3842 | D:4      | Found a sacrificial altar of Ru.
  3922 | D:5      | Entered Level 5 of the Dungeon
  4088 | D:5      | Found a staircase to the Ecumenical Temple.
  4099 | Temple   | Entered the Ecumenical Temple
  4711 | D:5      | Noticed Eustachio
  4723 | D:5      | Killed Eustachio
  5134 | D:6      | Noticed Grinder
  5138 | D:6      | Paralysed by Grinder for 7 turns
  5147 | D:6      | Killed Grinder
  5364 | D:6      | Noticed Duvessa
  5364 | D:6      | Noticed Dowan
  5371 | D:6      | Killed Dowan
  5387 | D:6      | Gained mutation: Your magical capacity is low. (-10% MP) [potion of mutation]
  5387 | D:6      | Gained mutation: You evolve. [potion of mutation]
  5392 | D:6      | Slain by Duvessa

Skill      XL: |  1  2  3  4  5  6  7  8 |
---------------+-------------------------+-----
Axes           | 3 6 |  6.8
Dodging        | 3 5 6 |  6.5
Armour         | 1 4 5 |  5.4
Fighting       | 5 6 |  6.5
Stealth        | 4 5 6 |  6.0
Throwing       | 3 |  3.3
Unarmed Combat | 2 |  2.4
Spellcasting   | 2 |  2.4
Evocations     | 2 |  2.7
Polearms       | 2 4 |  4.4

Action                   |  1- 3 |  4- 6 |  7- 9 || total
-------------------------+-------+-------+-------++-------
Melee: War axe           |   106 |    28 |       ||   134
       Scythe            |       |    34 |   251 ||   285
  Use: Scroll            |       |     2 |       ||     2
       Potion            |       |     2 |    12 ||    14
 Stab: Sleeping          |       |     7 |    11 ||    18
       Distracted        |       |       |     1 ||     1
  Eat: Chunk             |       |     3 |     1 ||     4
       Royal jelly       |       |     1 |       ||     1
       Meat ration       |       |       |     2 ||     2
       Fruit             |       |       |     3 ||     3
Armor: Leather armour    |    51 |     8 |   137 ||   196
Dodge: Dodged            |    92 |    39 |   392 ||   523
